 Dungeon Crawl Stone Soup version 0.20-a0-641-g673355a (webtiles) character file.

3013 Kokiki the Covered (level 9, -24/68 HPs)
             Began as a Mummy Fighter on Feb 13, 2017.
             Was an Initiate of Gozag.
             Killed by the air
             ... invoked by Gastronok
              (35 damage)
             ... on level 9 of the Dungeon.
             The game lasted 00:22:24 (7652 turns).

Kokiki the Covered (Mummy Fighter)                  Turns: 7652, Time: 00:22:25

Health: -24/68     AC: 15    Str: 26    XL:     9   Next: 55%
Magic:  3/3        EV:  5    Int:  7    God:    Gozag
Gold:   440        SH: 11    Dex: 11    Spells: 8/8 levels left

rFire    x . .     SeeInvis .   r - +2 morningstar (antimagic)
rCold    + . .     Gourm    .   g - +1 plate armour
rNeg     + + +     Faith    .   c - +0 shield
rPois    ∞         Spirit   .   (no helmet)
rElec    .         Reflect  .   (no cloak)
rCorr    .         Harm     .   d - +0 pair of gloves {Str+3}
MR       +....                  (no boots)
Stlth    ..........             (no amulet)
Regen    0.3/turn               (no ring)
MPRegen  0.1/turn               (no ring)

@: no status effects
A: no food or potions, fire vulnerability, cold resistance 1, negative energy
resistance 3, torment resistance, unbreathing
a: Potion Petition, Call Merchant, Bribe Branch, Renounce Religion


You were on level 9 of the Dungeon.
You worshipped Gozag.
Gozag was aware of your devotion.
You were not hungry.

You visited 1 branch of the dungeon, and saw 9 of its levels.

You collected 1262 gold pieces.
You spent 792 gold pieces at shops.
You paid 30 gold pieces to Gozag.

Inventory:

Hand Weapons
 r - a +2 antimagic morningstar (weapon)
Missiles
 k - 6 curare-tipped needles
Armour
 c - a +0 shield (worn)
 d - a +0 pair of gloves of strength (worn)
 g - a +1 plate armour (worn)
Wands
 h - a wand of digging (12/24)
 i - a wand of random effects (21/48)
 l - a wand of digging (19/24)
 n - a wand of lightning (0/15)
 p - a wand of digging (16/24)
Scrolls
 a - a scroll of recharging
 b - 6 scrolls of teleportation
 e - 2 scrolls of remove curse
 f - 10 scrolls of identify
 o - a scroll of amnesia
 s - a scroll of enchant weapon {unknown}


   Skills:
 + Level 5.2 Fighting
 + Level 2.1 Maces & Flails
   Level 6.3 Polearms
 * Level 6.5 Armour
 + Level 0.1 Stealth
 + Level 6.0 Shields


You had 8 spell levels left.
You didn't know any spells.

Dungeon Overview and Level Annotations

Branches:
Dungeon (9/15)             Temple (0/1) D:6
   Lair: D:8-11         Orc: D:9-12

Altars:
Gozag

Shops:
D:3 *   D:7 (   D:9 :

Annotations:
D:9 Gastronok


Innate Abilities, Weirdness & Mutations

You do not eat or drink.
Your flesh is vulnerable to fire.
You are immune to poison.
Your flesh is cold resistant. (rC+)
You are immune to negative energy. (rN+++)
You are immune to unholy pain and torment.
You can survive without breathing.


Message History

Evoking this partially-identified wand wasted a few charges.
You hear two shouts!
You hear a shout! x2; You hear a bark!
You hear a bellow! x2
You hear a shout! x2
Evoke which item? (* to show all) (? for menu, Esc to quit)
Aiming: Lightning Bolt (will waste charges)
Press: ? - help, Shift-Dir - straight line, f/p - Gastronok
Aim: Gastronok, wearing an embroidered hat (black smoke, severely wounded, covering ground quickly) Nothing appears to happen.
Evoke which item? (* to show all) (? for menu, Esc to quit)
Aiming: Random Effects (will waste charges)
Press: ? - help, Shift-Dir - straight line, f/p - Gastronok
Aim: Gastronok, wearing an embroidered hat (severely wounded, covering ground quickly)
The puff of frost hits Gastronok.
Gastronok is severely wounded.
Evoking this partially-identified wand wasted a few charges.
Gastronok waves his eye-stalks in wide circles.
The air twists around and strikes you!
Ouch! That really hurt!
You die...
Your body crumbles into a pile of gold.

###.# #...# #.######
#......# ..
#.#.######.###### ...
#.#...............
...##.##.###.#.#######
......##+#......#
.......@.....#..#
###......w...####
#...............
#.........######
######'#### ###'####
#§§§.§.# #§§§§..#
#..§...#


You could see Gastronok.

Vanquished Creatures
  Prince Ribbit (D:8)
  Eustachio (D:6)
  2 black bears
  2 orc warriors
  2 ice beasts
  3 sky beasts
  A phantom (D:4)
  An ogre (D:7)
  4 centaurs
  2 bullfrogs (D:7)
  2 scorpions
  2 howler monkeys
  2 crimson imps
  A centaur zombie (D:6)
  A quasit (D:6)
  3 hounds
  2 bullfrog skeletons
  9 orc wizards
  2 orc priests
  A jelly (D:5)
  6 worker ants
  2 iguanas
  A hound skeleton (D:5)
  10 adders
  A shadow imp (D:8)
  3 oozes
  2 adder skeletons
  6 worms
  3 dart slugs
  11 leopard geckos
  28 orcs
  4 ball pythons
  13 bats
  4 giant cockroaches
  8 goblins
  8 hobgoblins
  5 jackals
  6 quokkas
  5 frilled lizards
  A jackal skeleton (D:6)
  7 kobolds
  A leopard gecko skeleton (D:4)
  A leopard gecko zombie (D:8)
  8 rats
188 creatures vanquished.

Notes
Turn   | Place    | Note
-------+----------+-------------------------------------------
     0 | D:1      | Kokiki the Mummy Fighter began the quest for the Orb.
     0 | D:1      | Reached XP level 1. HP: 18/18 MP: 1/1
    90 | D:1      | Reached XP level 2. HP: 19/24 MP: 2/2
   376 | D:1      | Reached XP level 3. HP: 29/29 MP: 3/3
   970 | D:2      | Reached XP level 4. HP: 32/35 MP: 4/4
  1659 | D:3      | Reached XP level 5. HP: 40/41 MP: 5/5
  1812 | D:3      | Found an opulent altar of Gozag.
  1816 | D:3      | Found Gozag's Platinum Reserve.
  1823 | D:3      | Became a worshipper of Gozag Ym Sagoz the Greedy
  2239 | D:4      | Noticed an ogre
  2573 | D:4      | Noticed a phantom
  2603 | D:4      | Killed a phantom
  2603 | D:4      | Reached XP level 6. HP: 35/48 MP: 6/6
  3420 | D:5      | Entered Level 5 of the Dungeon
  3432 | D:5      | Reached XP level 7. HP: 17/54 MP: 7/7
  4345 | D:6      | Reached XP level 8. HP: 45/61 MP: 8/8
  4353 | D:6      | Reached skill level 5 in Polearms
  4748 | D:6      | Reached skill level 5 in Armour
  4758 | D:6      | Found a staircase to the Ecumenical Temple.
  4776 | D:6      | Reached skill level 5 in Shields
  5644 | D:6      | Noticed Eustachio
  5677 | D:6      | Killed Eustachio
  5730 | D:7      | Reached XP level 9. HP: 67/67 MP: 9/9
  5832 | D:7      | Reached skill level 5 in Fighting
  6091 | D:7      | Found Jexeqas's Antique Weapon Emporium.
  6094 | D:7      | Bought a runed glaive for 342 gold pieces
  6107 | D:7      | Bought a glowing blowgun for 198 gold pieces
  6111 | D:7      | Bought a glowing morningstar for 252 gold pieces
  6885 | D:8      | Reached skill level 1 in Maces & Flails
  7167 | D:8      | Noticed Prince Ribbit
  7180 | D:8      | Killed Prince Ribbit
  7619 | D:9      | Found Heziulox's Book Emporium.
  7620 | D:9      | Noticed Gastronok
  7652 | D:9      | Killed from afar by Gastronok

Vault maps used:
D:1:      mrwooster_arrival_arrow
D:2:      kennysheep_six_static_rooms
D:3:      first_bread, st_stairs_9, nicolae_gozag_zags_fifth_avenue
D:4:      gup_sewer_entry_bowl
D:6:      minmay_temple_entry_trees, lightli_orcish_oven, uniq_eustachio
D:7:      serial_shops, nicolae_shop_window_shopping, grunt_ogre_cave
D:8:      uniq_prince_ribbit1
D:9:      minmay_tri_box, serial_shops, shop_fountains, uniq_gastronok

Skill      XL: |  1  2  3  4  5  6  7  8  9 |
---------------+----------------------------+-----
Polearms       | 2 3 4 6 |  6.3
Shields        | 3 4 5 6 |  6.0
Armour         | 3 4 5 6 |  6.5
Fighting       | 4 5 |  5.2
Maces & Flails | 2 |  2.1
Stealth        | |  0.1

Action                   |  1- 3 |  4- 6 |  7- 9 || total
-------------------------+-------+-------+-------++-------
Melee: Trident           |   155 |   347 |   415 ||   917
       Morningstar       |       |       |   154 ||   154
Throw: Tomahawk          |       |     1 |     1 ||     2
       Javelin           |       |       |     3 ||     3
Invok: Potion Petition   |       |     1 |       ||     1
Evoke: Wand              |       |       |     3 ||     3
  Use: Scroll            |     4 |    11 |     4 ||    19
 Stab: Distracted        |       |       |     1 ||     1
Armor: Scale mail        |    35 |       |       ||    35
       Plate armour      |    40 |   156 |   334 ||   530
Dodge: Dodged            |    33 |    49 |   110 ||   192
Block: Shield            |    74 |   163 |   267 ||   504
